 Dungeon Crawl Stone Soup version 0.28-a0-1033-g1a2f33fa85 (webtiles) character file.

Game seed: 13000368042523917339

732 onionknight the Ruffian (level 7, -3/70 HPs)
             Began as a Troll Fighter on Dec 8, 2021.
             Was a Follower of Qazlal.
             Slain by a smoke demon (5 damage)
             ... summoned by a kobold demonologist
             ... on level 5 of the Dungeon.
             The game lasted 00:30:13 (3952 turns).

onionknight the Ruffian (Troll Fighter)             Turns: 3952, Time: 00:30:19

Health: -3/70      AC:  4    Str: 27    XL:     7   Next: 45%
Magic:  6/6        EV:  8    Int:  4    God:    Qazlal [*.....]
Gold:   191        SH:  8    Dex:  9    Spells: 6/6 levels left

rFire   . . .      SeeInvis +     - Unarmed
rCold   . . .      Faith    .   b - +0 kite shield
rNeg    . . .      Spirit   .   I - +0 robe {Will+}
rPois   .          Reflect  .   (helmet restricted)
rElec   .          Harm     .   (no cloak)
rCorr   .          Rampage  .   (gloves unavailable)
Will    +....                   (boots unavailable)
Stlth   +.........              (no amulet)
HPRegen 1.01/turn               C - ring of see invisible
MPRegen 0.10/turn               (no ring)

@: mighty, flying, slowed, very slow
A: large, unfitting armour, claws 3, regeneration 1, shaggy fur 1, tough skin 1
a: Renounce Religion


You were on level 5 of the Dungeon.
You worshipped Qazlal.
Qazlal was aware of your devotion.
You visited 1 branch of the dungeon, and saw 5 of its levels.

You collected 191 gold pieces.

Inventory:

Hand Weapons
 M - a +0 whip
 S - a +0 hunting sling
Missiles
 f - 64 arrows
 i - 2 javelins
 n - 15 stones
 u - 52 bolts
 w - 5 atropa-tipped darts
 x - 16 poisoned darts
Armour
 a - a +0 robe
 b - a +0 kite shield (worn)
 d - a +0 scale mail
 r - a +0 robe
 s - a +0 chain mail
 v - a +0 robe
 A - a +0 scale mail
 F - a +0 robe
 I - a +0 robe of willpower (worn)
Jewellery
 C - a ring of see invisible (left claw)
Wands
 l - a wand of acid (6)
 m - a wand of paralysis (11)
 J - a wand of iceblast (11) (quivered)
Scrolls
 h - 2 scrolls of identify {unknown}
 j - 3 scrolls of teleportation {unknown}
 k - 2 scrolls of amnesia {unknown}
 p - a scroll of immolation {unknown}
 q - a scroll of magic mapping {unknown}
 y - 2 scrolls of fear {unknown}
 G - a scroll of blinking {unknown}
Potions
 o - a potion of mutation {unknown}
 D - a potion of lignification {unknown}


   Skills:
 * Level 4.0 Fighting
 - Level 2.7 Dodging
 - Level 2.5 Shields
 + Level 7.3 Unarmed Combat
 + Level 0.1 Evocations


You had 6 spell levels left.
You didn't know any spells.
Your spell library contained the following spells:

 Spells                   Type           Power      Damage    Failure   Level
 Corpse Rot               Necr/Air       0%         N/A       98%         2
 Poisonous Vapours        Pois/Air       0%         N/A       98%         2
 Gell's Gravitas          Tloc           0%         N/A       100%        3
 Summon Guardian Golem    Hex/Summ       0%         N/A       100%        3
 Teleport Other           Tloc           0%         N/A       100%        3
 Dispersal                Tloc           0%         N/A       100%        6
 Orb of Destruction       Conj           0%         N/A       100%        7
 Spellforged Servitor     Conj/Summ      0%         N/A       100%        7


Dungeon Overview and Level Annotations

Branches:
Dungeon (5/15)
 Temple: D:4-7

Altars:
Fedhas
Nemelex Xobeh
Qazlal
Trog
Vehumet


Innate Abilities, Weirdness & Mutations

You are too large for most types of armour.
You have claws for hands.
Your natural rate of healing is unusually fast.
You are covered in fur. (AC +1)
You have tough skin. (AC +1)


Message History

The ynoxinul gestures.
The crimson imp blinks!
You block the kobold brigand's attack.
You block the kobold demonologist's attack.
The kobold brigand hits you with a +0 dagger.
* * * LOW HITPOINT WARNING * * *
Unknown command.
You claw the kobold brigand!
The kobold brigand is severely wounded.
The kobold demonologist hits you but does no damage.
The kobold brigand hits you with a +0 dagger.
* * * LOW HITPOINT WARNING * * *
The kobold demonologist casts a spell.
Unknown command.
You scratch the kobold brigand.
The kobold brigand is severely wounded.
The kobold brigand hits you with a +0 dagger.
* * * LOW HITPOINT WARNING * * *
You block the kobold demonologist's attack.
You block the kobold brigand's attack.
Unknown command.
You mangle the kobold brigand!!
You kill the kobold brigand!
Qazlal accepts your kill.
The kobold demonologist hits you with a +0 dagger.
* * * LOW HITPOINT WARNING * * *
The kobold demonologist hits you with a +0 dagger.
* * * LOW HITPOINT WARNING * * *
The smoke demon hits you.
* * * LOW HITPOINT WARNING * * *
The smoke demon hits you.
* * * LOW HITPOINT WARNING * * *
The smoke demon hits you but does no damage.
Your Fighting skill increases to level 4!
It was a potion of flight.
You feel very buoyant.
You fly up into the air.
The kobold demonologist hits you with a +0 dagger.
* * * LOW HITPOINT WARNING * * *
The smoke demon hits you.
You die...

... ## ##.#
##. ..# #..
.5. #.. #5#
#.. #5# ###..
#3#
###..ZK####K#
K.....5KKK3@#
###.##5######
#. #. ##


You could see a kobold demonologist, a smoke demon (summoned), a ynoxinul
(summoned), an iron imp (summoned), a crimson imp (summoned), 3 ufetubi, a hound
zombie and 4 kobolds.

Vanquished Creatures
  2 kobold brigands (D:5)
  A bullfrog (D:4)
  A scorpion (D:4)
  A hound (D:4)
  Ijyb (D:4)
  4 orc priests
  Jessica (D:3)
  Natasha (thrice) (D:2)
  An iguana (D:4)
  A hound skeleton (D:4)
  5 adders
  2 adder skeletons (D:4)
  3 worms
  4 dart slugs
  12 orcs
  9 bats
  10 endoplasms
  4 giant cockroaches
  2 goblins
  8 hobgoblins
  2 jackals (D:1)
  A quokka (D:1)
  5 ball pythons (D:1)
  3 frilled lizards
  5 kobolds
  4 rats
95 creatures vanquished.

Notes
Turn   | Place    | Note
-------+----------+-------------------------------------------
     0 | D:1      | onionknight the Troll Fighter began the quest for the Orb.
     0 | D:1      | Reached XP level 1. HP: 22/22 MP: 0/0
   187 | D:1      | Reached XP level 2. HP: 29/29 MP: 1/1
   224 | D:1      | Found a faded altar of an unknown god.
   248 | D:1      | Prayed at the altar of an unknown god.
   248 | D:1      | Became a worshipper of Vehumet
   248 | D:1      | Reached * piety under Vehumet
   248 | D:1      | Offered knowledge of Foxfire by Vehumet.
   712 | D:1      | Reached XP level 3. HP: 35/36 MP: 2/2
   968 | D:2      | Offered knowledge of Magic Dart by Vehumet.
   981 | D:2      | Found a bloodstained altar of Trog.
  1019 | D:2      | Reached skill level 3 in Unarmed Combat
  1111 | D:2      | Reached ** piety under Vehumet
  1450 | D:2      | Noticed Natasha
  1459 | D:2      | Killed Natasha
  1460 | D:2      | Reached skill level 4 in Unarmed Combat
  1460 | D:2      | Reached XP level 4. HP: 32/44 MP: 3/3
  1709 | D:2      | Noticed Natasha
  1716 | D:2      | Killed Natasha
  1925 | D:2      | Noticed Natasha
  1932 | D:2      | Killed Natasha
  1933 | D:2      | Reached XP level 5. HP: 50/50 MP: 4/4
  2061 | D:3      | Found a bloodstained altar of Trog.
  2330 | D:3      | Noticed Jessica
  2341 | D:3      | Killed Jessica
  2342 | D:3      | Reached skill level 5 in Unarmed Combat
  2400 | D:3      | Found a sparkling altar of Nemelex Xobeh.
  2400 | D:3      | Found a stormy altar of Qazlal.
  2419 | D:3      | Offered knowledge of Dazzling Flash by Vehumet.
  2439 | D:3      | Fell from the grace of Vehumet
  2439 | D:3      | Became a worshipper of Qazlal Stormbringer
  2950 | D:4      | Reached XP level 6. HP: 52/61 MP: 5/5
  3027 | D:4      | Reached skill level 6 in Unarmed Combat
  3195 | D:4      | Reached * piety under Qazlal
  3228 | D:4      | Reached XP level 7. HP: 67/67 MP: 6/6
  3305 | D:4      | Found a blossoming altar of Fedhas.
  3863 | D:4      | Noticed Ijyb
  3867 | D:4      | Killed Ijyb
  3929 | D:5      | Entered Level 5 of the Dungeon
  3929 | D:5      | Noticed a kobold demonologist
  3943 | D:5      | Noticed a smoke demon
  3944 | D:5      | Noticed a ynoxinul
  3945 | D:5      | Reached skill level 7 in Unarmed Combat
  3952 | D:5      | HP: 2/70 [kobold demonologist (4)]
  3952 | D:5      | Slain by a smoke demon

Illustrated notes

Levels and vault maps discovered:
D:1:      dpeg_arrival_rhombus, layout_basic, ebering_ecumenical_altar_mist,
          minmay_bisected
D:2:      layout_loops_ring, basic_altar, minmay_tetromino_i4, uniq_natasha
D:3:      layout_loops_cross, mainiacjoe_overflow_concentric_impassable,
          chequers_temple_overflow_statue_of_worship,
          chequers_serial_rivers_micro_e, uniq_jessica
D:4:      layout_layer_cave, mainiacjoe_overflow_catwalk, uniq_ijyb
D:5:      layout_loops_ring, gammafunk_ghost_nasty_kobolds,
          gup_sewer_entry_bubbles, serial_shops, nicolae_stop_n_shop_1,
          uniq_crazy_yiuf_cottage

Skill      XL: |  1  2  3  4  5  6  7 |
---------------+----------------------+-----
Unarmed Combat | 4 5 6 7 |  7.3
Fighting       | 3 4 |  4.0
Dodging        | |  2.7
Shields        | |  2.5
Evocations     | |  0.1

Action                   |  1- 3 |  4- 6 |  7- 9 || total
-------------------------+-------+-------+-------++-------
Melee: Unarmed           |    96 |   135 |    28 ||   259
Evoke: Wand              |       |       |     4 ||     4
  Use: Potion            |       |       |     4 ||     4
Armor: Robe              |    47 |    40 |     9 ||    96
Dodge: Dodged            |    53 |    42 |     8 ||   103
Block: Kite shield       |    45 |    43 |    14 ||   102

Table legend: (Time is in decaauts)
 A = Elapsed time spent in this place.
 B = Non-inter-level travel time spent in this place.
 C = Inter-level travel time spent in this place.
 D = Time resting spent in this place.
 E = Time spent auto-exploring this place.
 F = Levels seen in this place.
 G = Mean time per level.
                   A        B        C        D        E       F      G
               +--------+--------+--------+--------+--------+-----+--------+
         Total |   4008 |   3757 |    251 |     29 |      0 |   5 |  801.6 |
       Dungeon |   4008 |   3757 |    251 |     29 |      0 |   5 |  801.6 |
               +--------+--------+--------+--------+--------+-----+--------+

Top non-repeatable levels by time:
     D:4: 1170 daAuts
     D:2: 1055 daAuts
     D:1: 974 daAuts
     D:3: 773 daAuts
     D:5: 34 daAuts
